 Dungeon Crawl Stone Soup version 0.31.0-1-g2c135a008e (webtiles) character file.

Game seed: 11851515169438387664

466 qw the Shooter (level 7, -5/52 HPs)
             Began as a Djinni Hunter on Jan 23, 2024.
             Was an Initiate of Okawaru.
             Slain by a gnoll
             ... wielding a +0 club
              (7 damage)
             ... on level 5 of the Dungeon.
             The game lasted 00:00:17 (3673 turns).

qw the Shooter (Djinni Hunter)                      Turns: 3673, Time: 00:00:17

Health: -5/52      AC:  9    Str: 10    XL:     7   Next: 30%
Gold:   226        EV: 11    Int: 11    God:    Okawaru [......] SH:  0 Dex: 18

rFire   + + .        a - +0 shortbow
rCold   x . .        (shield currently unavailable)
rNeg    . . .        i - +0 ring mail
rPois   inf          (no helmet)
rElec   .            e - +2 cloak
rCorr   .            b - +0 pair of gloves
SInv    .            (boots unavailable)
Will    .....        (no amulet)
Stlth   +            (no ring)
HPRegen 0.28/turn    (no ring)
MPRegen 0.00/turn

%: infuse magic (-6 HP)
@: flying
A: sickness immunity, fire resistance 2, cold vulnerability 1, float, innate
caster, HP casting, extra vitality 1
a: Renounce Religion


You were on level 5 of the Dungeon.
You worshipped Okawaru.
Okawaru was noncommittal.
You visited 2 branches of the dungeon, and saw 6 of its levels.

You collected 226 gold pieces.


Innate Abilities, Weirdness & Mutations

You are immune to sickness and miasma.
You are immune to poison.
Your flesh is very heat resistant. (rF++)
You are vulnerable to cold. (rC-)
You float through the air rather than walking.
You learn spells naturally, not from books.
Your magical power is your life essence.
You have superior vitality. (+4 MHP)


   Skills:
 - Level 4.1 Fighting
 + Level 5.5 Ranged Weapons
 - Level 1.0 Armour
 - Level 3.4 Dodging
 - Level 0.7 Stealth


You knew the following spells:

 Your Spells              Type           Power      Damage    Failure   Level
a - Sandblast             Erth           0%         2d4       65%         1
b - Ensorcelled Hibernat  Hex/Ice        0%         N/A       80%         2
c - Ozocubu's Armour      Ice            0%         N/A       95%         3
Your spell library was empty.

Inventory:

Hand Weapons
 a - a +0 shortbow (weapon)
Armour
 b - a +0 pair of gloves (worn)
 e - a +2 cloak (worn)
 i - a +0 ring mail (worn)
Jewellery
 c - a ring of fire
Wands
 n - a wand of flame (4)
Potions
 d - a potion of might
 j - a potion of curing
 k - a potion of enlightenment {unknown}

Dungeon Overview and Level Annotations

Branches:
Dungeon (5/15)             Temple (1/1) D:4

Altars:
Ashenzari
Cheibriados
Dithmenos
Elyvilon
Fedhas
Gozag
Hepliaklqana
Makhleb
Okawaru
Ru
Trog
Uskayaw
Wu Jian
Xom
Yredelemnul
Zin
The Shining One

Shops:
D:1 *

Annotations:
D:3 2 transporters, qw's ghost, amateur GrHu


Message History

The arrow hits the gnoll but does no damage.
The gnoll hits you from afar with a +0 halberd.
The gnoll hits you from afar with a +0 halberd!
You shoot an arrow. The arrow hits the gnoll.
The gnoll is moderately wounded.
The gnoll hits you from afar with a +0 halberd!
You shoot an arrow. The arrow hits the gnoll.
The gnoll is heavily wounded.
The gnoll hits you from afar with a +0 halberd!
You shoot an arrow. The arrow hits the gnoll!
You kill the gnoll!
Okawaru accepts your kill.
3664 ||| FLEEEEING.
You shoot an arrow. The arrow barely misses the gnoll.
The gnoll barely misses you.
You shoot an arrow. The arrow hits the gnoll.
The gnoll is lightly wounded.
The gnoll completely misses you.
You shoot an arrow. The arrow hits the gnoll.
The gnoll is heavily wounded.
The gnoll hits you but does no damage.
You shoot an arrow. The arrow barely misses the gnoll.
The gnoll closely misses you. The gnoll hits you with a +0 club.
You shoot an arrow.
The arrow hits the gnoll but does no damage.
The gnoll is heavily wounded.
The gnoll hits you but does no damage.
You shoot an arrow.
The arrow hits the gnoll but does no damage.
The gnoll is heavily wounded.
The gnoll barely misses you.
You shoot an arrow. The arrow hits the gnoll.
The gnoll is severely wounded.
The gnoll closely misses you.
You shoot an arrow. The arrow closely misses the gnoll.
The gnoll hits you with a +0 club. x2
You shoot an arrow. The arrow hits the gnoll.
The gnoll is almost dead.
The gnoll hits you with a +0 club!
You die...

#. ##.#.# .....
?#%## .. ...## ...
####...##....
#...)$.).....
#.....$# ####
#...@g.####.....
.##.....%.........
#..>...............
####....<.#########
#......# ########


You could see a gnoll.

Vanquished Creatures
  An ogre (D:4)
  A bombardier beetle (D:4)
  A jelly (D:5)
  An orc priest (D:4)
  Ijyb (D:5)
  Natasha (thrice) (D:2)
  2 orc wizards
  2 gnolls (D:5)
  3 adders
  3 ribbon worms
  15 orcs
  5 bats
  4 endoplasms
  A giant cockroach (D:3)
  7 goblins
  2 hobgoblins
  7 jackals
  7 kobolds
  3 quokkas
  9 ball pythons
  5 frilled lizards
  5 rats
88 creatures vanquished.

Notes
Turn   | Place    | Note
-------+----------+-------------------------------------------
     0 | D:1      | qw the Djinni Hunter began the quest for the Orb.
     0 | D:1      | Reached XP level 1. HP: 18/18 MP: 0/0
     0 | D:1      | 0 ||| qw: Version: 0.3-a-134-g2ba4250
     0 | D:1      | 0 ||| qw: Game counter: 742
     0 | D:1      | 0 ||| qw: Melee chars always use a shield: true
     0 | D:1      | 0 ||| qw: God list: Okawaru
     0 | D:1      | 0 ||| qw: Allow faded altars: false
     0 | D:1      | 0 ||| qw: Do Orc after clearing Dungeon:15 true
     0 | D:1      | 0 ||| qw: Do second Lair branch before Depths: true
     0 | D:1      | 0 ||| qw: Lair rune preference: random
     0 | D:1      | 0 ||| qw: Goals: Normal
     0 | D:1      | 0 ||| PLANNING D:1-11
   102 | D:1      | Found Fiun Der's Assorted Antiques.
   109 | D:1      | 109 ||| SHOPLISTING 2 bubbling coppery potions (36 gold,
                  | have 5).
   109 | D:1      | 109 ||| SHOPLISTING blue potion (18 gold, have 5).
   109 | D:1      | 109 ||| SHOPLISTING glowing puce potion (18 gold, have 5).
   109 | D:1      | 109 ||| SHOPLISTING scroll labelled CULEAV CYU (20 gold,
                  | have 5).
   109 | D:1      | 109 ||| SHOPLISTING viscous orange potion (18 gold, have
                  | 5).
   323 | D:1      | Reached XP level 2. HP: 23/23 MP: 0/0
   783 | D:1      | 783 ||| UPGRADING to +2 cloak.
   788 | D:1      | 788 ||| READING scroll labelled CULEAV CYU.
   788 | D:1      | 788 ||| IDENTIFYING bubbling silvery potion
   789 | D:1      | 789 ||| READING scroll labelled METTET KEGETZ.
   793 | D:1      | 793 ||| READING scroll labelled AGI HYGUSKEOQIT.
   894 | D:1      | 894 ||| DRINKING 2 fuming coppery potions.
   895 | D:1      | 895 ||| DROPPING scroll of butterflies.
   896 | D:1      | 896 ||| DROPPING potion of brilliance.
  1095 | D:2      | Reached skill level 4 in Ranged Weapons
  1095 | D:2      | Reached XP level 3. HP: 21/28 MP: 0/0
  1095 | D:2      | Learned a level 1 spell: Sandblast
  1130 | D:2      | Noticed Natasha
  1134 | D:2      | Killed Natasha
  1148 | D:2      | Reached XP level 4. HP: 34/34 MP: 0/0
  1277 | D:2      | Reached skill level 3 in Fighting
  1336 | D:2      | Noticed Natasha
  1340 | D:2      | Killed Natasha
  1345 | D:2      | Noticed Natasha
  1352 | D:2      | Killed Natasha
  1353 | D:2      | Reached skill level 3 in Dodging
  1353 | D:2      | Reached XP level 5. HP: 36/40 MP: 0/0
  1353 | D:2      | Learned a level 2 spell: Ensorcelled Hibernation
  1541 | D:2      | 1541 ||| READING scroll of identify.
  1541 | D:2      | 1541 ||| IDENTIFYING glowing puce potion
  1542 | D:2      | 1542 ||| READING scroll labelled VEXTIA ETASODO.
  1543 | D:2      | 1543 ||| DROPPING potion of degeneration.
  1940 | D:3      | Found a transporter.
  1942 | D:3      | Noticed qw's ghost (amateur GrHu)
  1942 | D:3      | Identified the +4 great mace of Veridyn {drain, rN+ SInv}
  1942 | D:3      | Noticed an ogre
  1943 | D:3      | Found a transporter.
  1950 | D:3      | Noticed an ogre
  2316 | D:3      | 2316 ||| UPGRADING to +0 pair of gloves.
  2321 | D:3      | 2321 ||| UPGRADING to +0 ring mail.
  2331 | D:3      | 2331 ||| DROPPING +0 leather armour.
  2332 | D:3      | 2332 ||| READING scroll of identify.
  2332 | D:3      | 2332 ||| IDENTIFYING sapphire potion
  2333 | D:3      | 2333 ||| READING scroll labelled TUSOUF GABEOBRIFA.
  2334 | D:3      | 2334 ||| READING scroll labelled UBOASU CE ACID.
  2335 | D:3      | 2335 ||| DRINKING 2 ruby potions.
  2362 | D:3      | 2362 ||| DROPPING potion of berserk rage.
  2363 | D:3      | 2363 ||| DROPPING potion of lignification.
  2394 | D:4      | Reached XP level 6. HP: 46/46 MP: 0/0
  2533 | D:4      | Reached skill level 1 in Armour
  2546 | D:4      | Reached skill level 5 in Ranged Weapons
  2552 | D:4      | Found a sacrificial altar of Ru.
  2710 | D:4      | Found a staircase to the Ecumenical Temple.
  2711 | D:4      | 2711 ||| PLANNING TEMPLE
  2711 | D:4      | 2711 ||| READING scroll of identify.
  2711 | D:4      | 2711 ||| IDENTIFYING viscous orange potion
  2712 | D:4      | 2712 ||| READING scroll labelled GUBEGA IDGHO.
  2818 | Temple   | Entered the Ecumenical Temple
  2819 | Temple   | 2819 ||| PLANNING OKAWARU WORSHIP
  2829 | Temple   | Became a worshipper of Warmaster Okawaru
  2830 | Temple   | 2830 ||| PLANNING D:1-11
  2961 | D:4      | Noticed an ogre
  2962 | D:4      | 2962 ||| ZAPPING wand of flame (8) at 2,-4 (ogre; floor).
  2963 | D:4      | 2963 ||| ZAPPING wand of flame (7) at 2,-3 (ogre; floor).
  2964 | D:4      | 2964 ||| ZAPPING wand of flame (6) at 1,-2 (ogre; floor).
  2965 | D:4      | 2965 ||| ZAPPING wand of flame (5) at 0,-1 (ogre; floor).
  2965 | D:4      | Killed an ogre
  3039 | D:4      | Found an opulent altar of Gozag.
  3163 | D:4      | 3163 ||| FLEEEEING.
  3164 | D:4      | 3164 ||| FLEEEEING.
  3165 | D:4      | 3165 ||| FLEEEEING.
  3166 | D:4      | 3166 ||| FLEEEEING.
  3168 | D:4      | 3168 ||| FLEEEEING.
  3169 | D:4      | 3169 ||| FLEEEEING.
  3170 | D:4      | 3170 ||| FLEEEEING.
  3171 | D:4      | 3171 ||| FLEEEEING.
  3172 | D:4      | 3172 ||| FLEEEEING.
  3173 | D:4      | 3173 ||| FLEEEEING.
  3174 | D:4      | 3174 ||| STAIRDANCE
  3212 | D:4      | 3212 ||| STAIRDANCE
  3299 | D:4      | 3299 ||| STAIRDANCE
  3343 | D:4      | 3343 ||| STAIRDANCE
  3605 | D:5      | Entered Level 5 of the Dungeon
  3606 | D:5      | 3606 ||| PLANNING SEWER
  3620 | D:5      | Reached XP level 7. HP: 52/52 MP: 0/0
  3620 | D:5      | Learned a level 3 spell: Ozocubu's Armour
  3632 | D:5      | Noticed Ijyb
  3643 | D:5      | Killed Ijyb
  3662 | D:5      | HP: 6/52 [gnoll/+0 halberd (11)]
  3664 | D:5      | 3664 ||| FLEEEEING.
  3668 | D:5      | HP: 5/52 [gnoll/+0 club (3)]
  3672 | D:5      | HP: 1/52 [gnoll/+0 club (2)]
  3673 | D:5      | Slain by a gnoll

Levels and vault maps discovered:
D:1:      amcnicky_arrival_single_pillar, layout_loops_corners, serial_shops,
          nicolae_shop_advertising_works [nicolae_subvault_shop_adworks]
D:2:      layout_loops_cross, uniq_natasha
D:3:      minmay_diamond_boxcup, layout_basic, gammafunk_ghost_smash
D:4:      layout_gridville, mainiacjoe_overflow_concentric_impassable,
          nicolae_gozag_seed_capital, mainiacjoe_overflow_small_starburst,
          minmay_temple_entry_fiery, minmay_gold_behind_fungi
D:5:      layout_rooms, gup_sewer_entry_bowl, uniq_grinder, uniq_ijyb
Temple:   nicolae_temple_bog_church

Skill      XL: |  1  2  3  4  5  6 |
---------------+-------------------+-----
Ranged Weapons | 4 5 |  5.5
Fighting       | 3 4 |  4.1
Dodging        | 3 |  3.4
Armour         | 1 |  1.0
Stealth        | |  0.7

Action                     |  1- 3 |  4- 6 |  7- 9 || total
---------------------------+-------+-------+-------++-------
   Fire: Shortbow          |    56 |   190 |    47 ||   293
  Evoke: Wand              |       |     4 |       ||     4
    Use: Scroll            |     3 |     7 |       ||    10
         Potion            |     1 |     1 |       ||     2
 Armour: Leather armour    |     5 |    50 |       ||    55
         Ring mail         |       |    25 |    29 ||    54
  Dodge: Dodged            |     5 |    70 |    18 ||    93

Table legend:
 A = Non-vault XP
 B = Vault XP
 C = Vault XP percentage of total XP
 D = Non-vault monster count
 E = Vault monster count
 F = Vault count percentage of total count
                 A         B        C        D         E       F
            +---------+---------+-------+---------+---------+-------
      Total |     566 |     101 |  15.1 |      78 |      10 |  11.4
            +---------+---------+-------+---------+---------+-------
        D:1 |      20 |       0 |   0.0 |      12 |       0 |   0.0
        D:2 |      93 |      35 |  27.3 |      19 |       1 |   5.0
        D:3 |      91 |      28 |  23.5 |      27 |       8 |  22.9
        D:4 |     239 |       0 |   0.0 |       9 |       0 |   0.0
        D:5 |     123 |      38 |  23.6 |      11 |       1 |   8.3
            +---------+---------+-------+---------+---------+-------
